 Dungeon Crawl Stone Soup version 0.29-a0-344-ge2f44be95a (webtiles) character file.

Game seed: 15678832821732011598

9 spaghetti the Gusty (level 2, 22/22 HPs)
             Began as a Naga Air Elementalist on Apr 22, 2022.
             Was a Follower of Fedhas.
             Quit the game on level 1 of the Dungeon.
             The game lasted 00:00:41 (270 turns).

spaghetti the Gusty (Naga Air Elementalist)          Turns: 270, Time: 00:00:41

Health: 22/22      AC:  1    Str: 10    XL:     2   Next: 12%
Magic:  5/5        EV:  9    Int: 15    God:    Fedhas [*.....]
Gold:   0          SH:  0    Dex: 11    Spells: 4/5 levels left

rFire   . . .      SeeInvis +   (no weapon)
rCold   . . .      Faith    .   (no shield)
rNeg    . . .      Spirit   .   a - +0 robe
rPois   +          Reflect  .   (no helmet)
rElec   .          Harm     .   (no cloak)
rCorr   .          Rampage  .   (no gloves)
Will    .....                   (no barding)
Stlth   ++........              (no amulet)
HPRegen 0.07/turn               (no ring)
MPRegen 0.09/turn               (no ring)

@: very slow
A: AC +0, large, see invisible, deformed body, poison resistance, slowness 2,
spit poison 1, naga tail 1
a: Spit Poison, Renounce Religion


You were on level 1 of the Dungeon.
You worshipped Fedhas.
Fedhas was aware of your devotion.
You visited 1 branch of the dungeon, and saw 1 of its levels.


Innate Abilities, Weirdness & Mutations

Your serpentine skin is tough. (AC +0)
You have supernaturally acute eyesight. (SInv)
Armour fits poorly on your strangely shaped body.
Your system is resistant to poisons. (rPois)
You cover ground very slowly.
You can spit poison.
You have a snake-like lower body.


   Skills:
 - Level 1.5 Dodging
 - Level 3.0 Stealth
 * Level 2.2 Spellcasting
 - Level 1.0 Conjurations
 * Level 3.3 Air Magic


You had 4 spell levels left.
You knew the following spells:

 Your Spells              Type           Power      Damage    Failure   Level
a - Shock                 Conj/Air       32%        1d5       9%          1

Your spell library contained the following spells:

 Spells                   Type           Power      Damage    Failure   Level
 Static Discharge         Conj/Air       8%         N/A       13%         2
 Swiftness                Air            11%        N/A       16%         3
 Airstrike                Air            5%         N/A       47%         4

Inventory:

Hand Weapons
 c - a +0 club {mace}
   (You took it off a goblin on level 1 of the Dungeon)
 d - a +0 dagger {short}
   (You took it off a goblin on level 1 of the Dungeon)
 f - a +0 whip {mace}
   (You found it on level 1 of the Dungeon)
Missiles
 e - 14 stones {throwing}
Armour
 a - a +0 robe (worn)
Potions
 b - a potion of magic

Dungeon Overview and Level Annotations

Branches:
Dungeon (1/15)

Altars:
Fedhas

#. .♣ # ♣. ..♣
.♣♣ .. ♣.♣♣
♣.♣♣♣♣..♣
♣.....8♣
♣♣♣.⌠..@♣
♣......8♣
...S.♣♣♣♣.†♣
♣♣♣♣♣ ♣...♣
##########♣♣..♣♣
..#.......♣..♣♣
#.#.#####..♣♣♣
#.#.# ###.#
#.#.#######.#


You could see a ball python (wandering).


Message History

You lost 1 mp, and now have 2/3 mp.
Aiming: Spit Poison (3% risk of failure)
Press: ? - help, Shift-Dir - straight line, f - jackal
Aim: a jackal (severely wounded, 43% to hit)
The splash of poison hits the jackal!
You kill the jackal!
You start resting.
You have got your breath back. 😎 MP[+1]
Your mp is fully restored (3).
d - a +0 dagger {short} You see here a goblin corpse.
A jackal is nearby!
A jackal is nearby!
A jackal is nearby!
A jackal is nearby!
Aiming: Spit Poison (3% risk of failure)
Press: ? - help, Shift-Dir - straight line, f - jackal
Aim: a jackal (wandering, hasn't noticed you, 43% to hit)
The splash of poison hits the jackal.
The jackal barks!
A jackal is nearby!
A jackal is nearby!
A jackal is nearby!
Casting: Shock (safe; 10% risk of failure)
Confirm with . or Enter, or press ? or * to list all spells.
Aiming: Shock (safe; 10% risk of failure)
Press: ? - help, Shift-Dir - straight line, f/p - jackal
Aim: a jackal (heavily wounded, 60% to hit)
The zap hits the jackal.
You kill the jackal! 😎 MP[-1]
You lost 1 mp, and now have 2/3 mp.
You have got your breath back.
You see here a jackal corpse.
e - 14 stones {throwing} A quokka comes into view. 😎 MP[+1]
Your mp is fully restored (3).
A quokka is nearby!
A quokka is nearby!
A quokka is nearby!
Found a faded altar of an unknown god.
Aiming: Spit Poison (3% risk of failure)
Press: ? - help, Shift-Dir - straight line, f - quokka
Aim: a quokka (asleep, 100% to hit)
The splash of poison hits the quokka!
You kill the quokka!
You have reached level 2! 😎 HP[+7] MP[+2]
You now have 22 max hp (+7).
Your hp is fully restored (22).
Your mp is fully restored (5).
Unknown command.
A jackal is nearby!
You start waiting.
A jackal is nearby!
You can't do that yet.
Unknown command.
Unknown command.
Casting: Shock (safe; 9% risk of failure)
Confirm with . or Enter, or press ? or * to list all spells.
Aiming: Shock (safe; 9% risk of failure)
Press: ? - help, Shift-Dir - straight line The zap hits the jackal.
The jackal barks!
The zap hits the jackal.
You hear an angry hiss.
The jackal bites you.
The jackal barely misses you. 😕 HP[-2] MP[-1]
You take 2 damage, and now have 20/22 hp.
You lost 1 mp, and now have 4/5 mp.
Casting: Shock (safe; 9% risk of failure)
Confirm with . or Enter, or press ? or * to list all spells.
Aiming: Shock (safe; 9% risk of failure)
Press: ? - help, Shift-Dir - straight line The zap hits the jackal.
You kill the jackal!
You have got your breath back. 😕 MP[-1]
You lost 1 mp, and now have 3/5 mp.
You start resting. 😕 HP[+1] MP[+2]
Your mp is fully restored (5).
A ball python comes into view.
There is a dry fountain here. 😎 HP[+1]
Your hp is fully restored (22).
A ball python is nearby!
A ball python is nearby!
f - a +0 whip {mace}
There is a faded altar of an unknown god here.
You cannot tell which god this altar belongs to.
Convert to them anyway?
Fedhas accepts your prayer! Fedhas welcomes you!
The plants of the dungeon cease their hostilities.
Unknown command.
Press < or > to pray at altars.
Unknown command.
Press < or > to pray at altars.
Are you sure you want to abandon this character and quit the game? (Confirm with "yes".)

Action                   || total
-------------------------++-------
 Cast: Shock             ||     9
 Abil: Spit Poison       ||     4
Dodge: Dodged            ||     2

Levels and vault maps discovered:
D:1:      heliophobic_arrival_battle_scene, layout_basic, serial_shops, shop,
          shapermc_ecumenical_altar_totnotflames

Notes
Turn   | Place    | Note
-------+----------+-------------------------------------------
     0 | D:1      | spaghetti the Naga Air Elementalist began the quest for the
                  | Orb.
     0 | D:1      | Reached XP level 1. HP: 15/15 MP: 3/3
     0 | D:1      | magus.rc [v1.9.6]
   225 | D:1      | Found a faded altar of an unknown god.
   227 | D:1      | Reached XP level 2. HP: 22/22 MP: 5/5
   269 | D:1      | Prayed at the altar of an unknown god.
   269 | D:1      | Became a worshipper of Fedhas Madash
   269 | D:1      | Reached * piety under Fedhas
   270 | D:1      | Quit the game

Vanquished Creatures
  2 goblins (D:1)
  4 jackals (D:1)
  A quokka (D:1)
7 creatures vanquished.

Table legend:
 A = Non-vault XP
 B = Vault XP
 C = Vault XP percentage of total XP
 D = Non-vault monster count
 E = Vault monster count
 F = Vault count percentage of total count
                 A         B        C        D         E       F
            +---------+---------+-------+---------+---------+-------
      Total |      13 |       0 |   0.0 |       7 |       0 |   0.0
            +---------+---------+-------+---------+---------+-------
        D:1 |      13 |       0 |   0.0 |       7 |       0 |   0.0
            +---------+---------+-------+---------+---------+-------

Illustrated notes

Table legend:
 A = Kills in this place as a percentage of kills in entire the game.
 B = Kills by you in this place as a percentage of kills by you in the entire game.
 C = Kills by friends in this place as a percentage of kills by friends in the entire game.
 D = Other kills in this place as a percentage of other kills in the entire game.
 E = Experience gained in this place as a percentage of experience gained in the entire game.
 F = Experience gained in this place divided by the number of levels of this place that you have seen.
                   A       B       C       D       E      F
               +-------+-------+-------+-------+-------+----------------------
         Total | 100.0 | 100.0 |   N/A |   N/A | 100.0 |  13.0
       Dungeon | 100.0 | 100.0 |   N/A |   N/A | 100.0 |  13.0
               +-------+-------+-------+-------+-------+----------------------

Table legend: (Time is in decaauts)
 A = Elapsed time spent in this place.
 B = Non-inter-level travel time spent in this place.
 C = Inter-level travel time spent in this place.
 D = Time resting spent in this place.
 E = Time spent auto-exploring this place.
 F = Levels seen in this place.
 G = Mean time per level.
                   A        B        C        D        E       F      G
               +--------+--------+--------+--------+--------+-----+--------+
         Total |    301 |    301 |      0 |     65 |    194 |   1 |  301.0 |
       Dungeon |    301 |    301 |      0 |     65 |    194 |   1 |  301.0 |
               +--------+--------+--------+--------+--------+-----+--------+

Top non-repeatable levels by time:
     D:1: 301 daAuts
